 Seeded DCSS version 0.30-a0-859-gf88a04b62d (webtiles) character file.

Game seed: 5772684963948250150 (custom seed)

54283 tkbsonic5 the Thaumaturge (level 14, -14/111 HPs)
             Began as a Mummy Wanderer on Feb 22, 2023.
             Was a High Priest of Ashenzari.
             Demolished by a boulder beetle (16 damage)
             ... on level 13 of the Dungeon on Mar 7, 2023.
             The game lasted 03:03:54 (23155 turns).

tkbsonic5 the Thaumaturge (Mummy Wanderer)         Turns: 23155, Time: 03:03:55

Health: -14/111    AC: 10    Str: 18    XL:     14   Next: 34%
Magic:  6/32       EV: 14    Int: 23    God:    Ashenzari [*****.]
Gold:   960        SH:  0    Dex: 13    Spells: 0/41 levels left

rFire   x x .      SeeInvis +    T - +11 lajatang "Shackled Together" {flame, *Rage rN++ Str+5, Alch, Bglg} (curse)
rCold   + + +      Faith    +    (shield currently unavailable)
rNeg    + + +      Spirit   .    w - +2 robe "Restrained Relativism" {Will+, Alch, Elem} (curse)
rPois   ∞          Reflect  .    (no helmet)
rElec   .          Rampage  ∞    z - +0 cloak of the Astral Augur {Melee, Self} (curse)
rCorr   .          Clarity  +    s - +0 pair of gloves
Will    +++..                    x - +3 pair of seven-league boots {Rampage+∞, Self, Alch} (curse)
Stlth   +++                      d - amulet "Overhang to Understand" {RegenMP, Fort, Alch} (curse)
HPRegen 0.38/turn                h - ring of Panopticon {Ice, Cun, Elem} (curse)
MPRegen 0.63/turn                f - ring of Desmomancy {rPois rC+ Will+ Int+6, Alch, Bglg} (curse)

@: about to teleport
A: cold resistance 1, negative energy resistance 3, torment resistance 2, heat
vulnerability 1, in touch with death 2, no potions, faith
a: Renounce Religion, Shatter the Chains


You were on level 13 of the Dungeon.
You worshipped Ashenzari.
Ashenzari was extremely pleased with you.
You visited 2 branches of the dungeon, and saw 18 of its levels.

You collected 1302 gold pieces.
You spent 342 gold pieces at shops.

Inventory:

Hand Weapons
 c - a +2 arbalest
 t - a +0 sling
 Q - the +5 trident "Dawad" {flame, Dex+6}
   (You found it on level 10 of the Dungeon)

   Dex:       It affects your dexterity (+6).
 T - the cursed +11 lajatang "Shackled Together" (weapon) {flame, *Rage rN++ Str+5, Alch, Bglg}
   (You acquired it on level 3 of the Lair of Beasts)

   Str:       It affects your strength (+5).
   rN:        It greatly protects you from negative energy.
   *Rage:     It berserks you when you make melee attacks (+20% chance).
   It has a curse which improves the following skills: Alchemy: Poison Magic and
   Transmutations.
   Beguiling: Conjurations, Hexes and Translocations.
Missiles
 m - 15 javelins
 K - a curare-tipped dart
 M - 2 throwing nets
 N - 19 poisoned darts
Armour
 b - a +0 buckler
 g - the +0 ring mail of the Cobbler {rN+}
   (You found it on level 6 of the Dungeon)

   rN:        It protects you from negative energy.
 l - a +0 helmet
 s - a +0 pair of gloves (worn)
 w - the cursed +2 robe "Restrained Relativism" (worn) {Will+, Alch, Elem}
   (You took it off Jessica on level 2 of the Dungeon)

   It has a curse which improves the following skills: Alchemy: Poison Magic and
   Transmutations.
   Elements:  Fire Magic, Ice Magic, Air Magic and Earth Magic.
 x - the cursed +3 pair of seven-league boots (worn) {Rampage+∞, Self, Alch}
   (You acquired it on level 4 of the Dungeon)

   Rampage+∞: When moving toward enemies, its wearer moves as far as possible.
   It has a curse which improves the following skills: Introspection: Fighting
   and Spellcasting.
   Alchemy:   Poison Magic and Transmutations.
 z - the cursed +0 cloak of the Astral Augur (worn) {Melee, Self}
   (You found it on level 5 of the Dungeon)

   It has a curse which improves the following skills: Melee Combat: Short
   Blades, Long Blades, Axes, Maces & Flails, Polearms, Staves and Unarmed
   Combat.
   Introspection: Fighting and Spellcasting.
 A - +0 steam dragon scales
 C - a +2 buckler
 D - a +2 troll leather armour
 H - a +0 troll leather armour
Magical Staves
 a - a staff of death
Jewellery
 d - the cursed amulet "Overhang to Understand" (around neck) {RegenMP, Fort, Alch}
   (You acquired it on level 3 of the Dungeon)

   [amulet of magic regeneration]

   It increases your rate of magic regeneration.
   It has a curse which improves the following skills: Fortitude: Armour and
   Shields.
   Alchemy:   Poison Magic and Transmutations.
 f - the cursed ring of Desmomancy (right hand) {rPois rC+ Will+ Int+6, Alch, Bglg}
   (You acquired it on level 2 of the Dungeon)

   [ring of intelligence]

   Int:       It affects your intelligence (+6).
   rC:        It protects you from cold.
   rPois:     It protects you from poison.
   Will:      It increases your willpower.
   It has a curse which improves the following skills: Alchemy: Poison Magic and
   Transmutations.
   Beguiling: Conjurations, Hexes and Translocations.
 h - the cursed ring of Panopticon (left hand) {Ice, Cun, Elem}
   (You found it on level 1 of the Dungeon)

   [ring of ice]

   It enhances your ice magic.
   rF:        It makes you vulnerable to fire.
   rC:        It protects you from cold.
   It has a curse which improves the following skills: Cunning: Dodging and
   Stealth.
   Elements:  Fire Magic, Ice Magic, Air Magic and Earth Magic.
 i - a +5 ring of evasion
 o - an amulet of the acrobat
 p - an amulet of reflection
 q - a ring of flight
 r - a ring of protection from cold
 G - a +6 ring of dexterity
Wands
 j - a wand of polymorph (8)
 k - a wand of charming (7)
 n - a wand of digging (13)
 E - a wand of acid (12)
 O - a wand of iceblast (9)
 P - a wand of flame (13)
 R - a wand of mindburst (8)
Scrolls
 e - 2 scrolls of teleportation
 y - 9 scrolls of magic mapping


   Skills:
 * Level 7.3(10.8) Fighting
 - Level 1.8(4.2) Polearms
 + Level 3.4(5.6) Staves
 - Level 5.4 Ranged Weapons
 + Level 0.2(0.8) Armour
 + Level 3.1(5.1) Dodging
 + Level 3.0(5.0) Stealth
 - Level 1.5(3.1) Shields
 * Level 10.6(14.0) Spellcasting
 + Level 6.2(9.6) Conjurations
 + Level 5.5(8.9) Hexes
 * Level 3.7 Summonings
 * Level 1.1 Necromancy
 * Level 5.7(9.1) Translocations
 + Level 4.3(10.0) Transmutations
 + Level 5.7(9.1) Fire Magic
 * Level 8.4(11.9) Ice Magic
 + Level 6.2(9.7) Air Magic
 + Level 3.4(6.4) Earth Magic
 + Level 4.8(10.6) Poison Magic
 * Level 2.2 Evocations


You couldn't memorise any spells.
You knew the following spells:

 Your Spells              Type           Power      Damage    Failure   Level
a - Freeze                Ice            100%       1d10      1%          1
b - Ensorcelled Hibernat  Hex/Ice        100%       N/A       1%          2
c - Kindle Blastsparks    Fire/Tloc/Air  100%       2d18      1%          3
d - Frozen Ramparts       Ice            100%       1d16      1%          3
e - Mephitic Cloud        Conj/Pois/Air  58%        N/A       1%          3
f - Ignite Poison         Fire/Tmut/Pois 58%        N/A       1%          3
g - Freezing Cloud        Conj/Ice/Air   38%        6-21      1%          5
h - Ozocubu's Armour      Ice            82%        N/A       1%          3
i - Summon Forest         Summ/Tloc      22%        N/A       8%          5
j - Ozocubu's Refrigerat  Ice            41%        4d16      24%         7
k - Eringya's Noxious Bo  Tmut/Pois      29%        N/A       9%          6

Your spell library contained the following spells:

 Spells                   Type           Power      Damage    Failure   Level
 Apportation              Tloc           100%       N/A       1%          1
 Magic Dart               Conj           100%       1d8       1%          1
 Summon Small Mammal      Summ           100%       N/A       1%          1
 Call Imp                 Summ           33%        N/A       1%          2
 Searing Ray              Conj           100%       2d8       1%          2
 Stone Arrow              Conj/Erth      100%       3d13      1%          3
 Tukima's Dance           Hex            55%        N/A       1%          3
 Vhi's Electric Charge    Tloc/Air       100%       N/A       1%          3
 Fulminant Prism          Conj/Hex       28%        3d14      1%          4
 Iskenderun's Mystic Bla  Conj/Tloc      56%        2d12      1%          4
 Passage of Golubria      Tloc           55%        N/A       1%          4
 Arcjolt                  Conj/Air       28%        1d38      1%          5
 Metabolic Englaciation   Hex/Ice        38%        N/A       1%          5
 Yara's Violent Unravell  Hex/Tmut       28%        3d12      1%          5
 Necrotise                Necr           100%       1d9       2%          1
 Animate Armour           Summ/Erth      78%        N/A       4%          4
 Vampiric Draining        Necr           48%        2d9       7%          3
 Dispersal                Tloc           27%        N/A       13%         6
 Iron Shot                Conj/Erth      26%        9d6       22%         6
 Simulacrum               Ice/Necr       51%        N/A       36%         6
 Agony                    Necr           48%        N/A       54%         5
 Maxwell's Capacitive Co  Air            28%        ∞         99%         8
 Summon Hydra             Summ           16%        N/A       100%        7
 Lehudib's Crystal Spear  Conj/Erth      26%        10d7      100%        8
 Blade Hands              Tmut           Unusable   N/A       N/A         5

Dungeon Overview and Level Annotations

Branches:
Dungeon (13/15)            Temple (0/1) D:7            Lair (5/5) D:9
  Swamp (0/4) Lair:2        Snake (0/4) Lair:3        Slime (0/5) Lair:5
    Orc (0/2) D:11
 Vaults: D:13-14

Altars:
Ashenzari
Cheibriados
Fedhas
Hepliaklqana
Okawaru
Uskayaw
Vehumet
Wu Jian

Shops:
D:1 :?((

Portals:
Abyss: D:4
Trove: D:12 (give +4 fire dragon scales)

Annotations:
D:4 2 transporters, DiggyJ's ghost, amateur TrBe
Lair:5 exclusion: obsidian statue


Innate Abilities, Weirdness & Mutations

You are immune to poison.
Your flesh is cold resistant. (rC+)
You are immune to negative energy. (rN+++)
You are immune to unholy pain and torment.
You are vulnerable to heat. (rF-)
You are strongly in touch with the powers of death.
You do not drink.
You have a special connection with the divine. (Faith)


Message History

* * * LOW HITPOINT WARNING * * *
A boulder beetle comes into view.
Okay, then.
You can't drink.
Okay, then.
Aiming: Corrosive Bolt
Press: ? - help, Shift-Dir - straight line, f/p - Jorgrun
Aim: Jorgrun, wielding a +0 heavy quarterstaff and wearing a +2 robe of cold resistance (freezing vapour, almost dead, 53% to hit)
The bolt of acid misses Jorgrun.
You hear the deafening beating of a distant drum.
Jorgrun is engulfed in freezing vapours.
The grasping roots constrict you.
* * * LOW HITPOINT WARNING * * *
The boulder beetle is engulfed in freezing vapours.
Okay, then.
You can't drink.
Unknown command.
Aiming: Iceblast
Press: ? - help, Shift-Dir - straight line, f/p - Jorgrun
Aim: Jorgrun, wielding a +0 heavy quarterstaff and wearing a +2 robe of cold resistance (freezing vapour, almost dead)
The mass of ice explodes!
The iceblast engulfs Jorgrun!
Jorgrun partially resists.
Jorgrun is almost dead.
Jorgrun is engulfed in freezing vapours.
You kill Jorgrun!
Your base Stealth skill increases to level 3!
A boulder beetle is nearby!
A boulder beetle is nearby!
As you read the scroll of teleportation, it crumbles to dust.
You feel strangely unstable.
Your icy armour will break if you move.
Continue?
Really walk into that cloud of freezing vapour?
The boulder beetle attacks as you move away!
The boulder beetle barely misses you.
Your icy armour cracks and falls away as you move.
You are engulfed in freezing vapours.
You resist.
* * * LOW HITPOINT WARNING * * *
The boulder beetle attacks as you move away!
The boulder beetle bites you!
You die...

* * , *..* * ** ,
, , ..* * **, **
##., *#+# , ...
#.# ** *#.# *
########.# #§#
.......<.##,* ##§#
.######...##*
##B§# ,
,..#......####@#.#
..............§.§#
##.#......##§#####
.........##§## *
** *.##.......§§§
, * *###...#§§#* *
** **#...#§#* ***
, .....#.. ,, * **
###....g#** ** *


You could see a boulder beetle.

Vanquished Creatures
  Jorgrun (D:13)
  A dire elephant (Lair:5)
  Snorg (Lair:3)
  A catoblepas (Lair:5)
  4 hydras
  A ghost crab (Lair:2)
  A two-headed ogre (D:7)
  5 death yaks
  2 skysharks
  A lindwurm (Lair:4)
  A wizard (D:11)
  3 necromancers (Lair:5)
  An ugly thing (D:6)
  A deep elf pyromancer (D:12)
  An orc sorcerer (D:11)
  3 cyclopes
  19 elephants
  A dire elephant zombie (Lair:5)
  3 black mambas (Lair:1)
  An eye of devastation (Lair:5)
  2 dire elephant skeletons (Lair:5)
  8 cane toads
  An unseen horror (D:11)
  4 rime drakes
  11 komodo dragons
  5 trolls
  2 polar bears
  7 dream sheep (Lair:5)
  11 blink frogs
  A spectral black mamba (Lair:2)
  3 shadows
  3 wyverns
  5 slime creatures
  26 yaks
  A vampire (D:12)
  Eustachio (D:6)
  2 wraiths
  3 basilisks
  3 vampire mosquitoes
  A spectral cane toad (Lair:5)
  2 death yak simulacra (Lair:5)
  2 fire elementals (Lair:5)
  5 steam dragons
  An acid dragon (D:11)
  2 nagas (Lair:3)
  Duvessa (D:5)
  24 water moccasins
  A floating eye (Lair:5)
  2 spectral yaks (Lair:2)
  2 black bears
  4 orc warriors
  A spectral blink frog (Lair:2)
  3 ice beasts
  2 sky beasts
  2 elephant zombies (Lair:5)
  2 elephant skeletons (Lair:5)
  17 wolves
  An ogre (D:4)
  6 centaurs
  A phantom (D:6)
  3 kobold brigands
  7 bullfrogs
  2 gnoll sergeants
  4 scorpions
  8 wights
  Dowan (D:5)
  2 jellies
  5 killer bees (D:9)
  2 elephant simulacra (Lair:5)
  3 electric eels
  2 howler monkeys
  6 orc priests
  5 hounds
  Jessica (D:2)
  10 iguanas
  9 orc wizards
  16 gnolls
  6 adders
  2 white imps
  4 worms
  7 dart slugs
  26 orcs
  3 endoplasms
  5 giant cockroaches
  9 goblins
  8 hobgoblins
  6 jackals
  27 kobolds
  2 quokkas
  6 ball pythons
  6 bats
  5 frilled lizards
  7 rats
  A butterfly (Lair:4)
  A fire vortex (Lair:5)
450 creatures vanquished.

Vanquished Creatures (collateral kills)
  A gargoyle (D:12)
  A blink frog (Lair:3)
  4 slime creatures (D:12)
  An orc (D:12)
7 creatures vanquished.

Vanquished Creatures (others)
  A centaur (D:11)
  39 fungi
  58 plants
  2 snaplasher vines (D:12)
  27 withered plants (Lair:5)
127 creatures vanquished.

Grand Total: 584 creatures vanquished

Notes
Turn   | Place    | Note
-------+----------+-------------------------------------------
     0 | D:1      | tkbsonic5 the Mummy Wanderer began the quest for the Orb.
     0 | D:1      | tkbsonic5 set off with the following items: a +0 club, a +0
                  | buckler, a scroll of fog, a +0 leather armour, a scroll of
                  | teleportation; and the following spell memorised: Freeze;
                  | and the following spells available to memorise: Frozen
                  | Ramparts, Ensorcelled Hibernation.
     0 | D:1      | Reached XP level 1. HP: 13/13 MP: 4/4
    65 | D:1      | Found Tisut's Weapon Shoppe.
   497 | D:1      | Reached skill level 3 in Spellcasting
   708 | D:1      | Reached XP level 2. HP: 20/20 MP: 4/6
   747 | D:1      | Found Hacah's Antique Weapon Emporium.
   748 | D:1      | Found Huucwiuf's Magic Scroll Shoppe.
   759 | D:1      | Bought a scroll of teleportation for 30 gold pieces
   772 | D:1      | Found Bangeh's Book Boutique.
  1210 | D:2      | Found a faded altar of an unknown god.
  1328 | D:2      | Learned a level 2 spell: Ensorcelled Hibernation
  1675 | D:2      | Gained mutation: You are in touch with the powers of death.
                  | [Mummy growth]
  1675 | D:2      | Reached XP level 3. HP: 25/25 MP: 5/7
  1679 | D:2      | Learned a level 3 spell: Kindle Blastsparks
  1713 | D:2      | Reached skill level 1 in Fighting
  1950 | D:2      | Reached XP level 4. HP: 28/32 MP: 1/9
  2000 | D:2      | Identified a scroll of acquirement
  2001 | D:2      | Acquired the ring "Nitocaw" {rPois rC+ Will+ Int+6}
  2008 | D:2      | Learned a level 3 spell: Frozen Ramparts
  2147 | D:2      | Reached skill level 1 in Hexes
  2230 | D:2      | Noticed Jessica
  2237 | D:2      | Killed Jessica
  2470 | D:2      | Reached XP level 5. HP: 35/37 MP: 10/10
  2566 | D:2      | Reached skill level 1 in Air Magic
  2624 | D:2      | Reached skill level 4 in Spellcasting
  2853 | D:3      | Reached skill level 1 in Translocations
  2935 | D:3      | Found a snail-covered altar of Cheibriados.
  2936 | D:3      | Found a hazy altar of Hepliaklqana.
  2936 | D:3      | Found a broken altar of Ashenzari.
  2936 | D:3      | Found an ornate altar of the Wu Jian Council.
  3111 | D:3      | Reached skill level 1 in Fire Magic
  3111 | D:3      | Reached XP level 6. HP: 44/44 MP: 9/12
  3348 | D:3      | Learned a level 3 spell: Mephitic Cloud
  3709 | D:3      | Became a worshipper of Ashenzari the Shackled
  3748 | D:3      | Acquired an amulet of magic regeneration
  3983 | D:4      | Reached skill level 1 in Polearms
  4028 | D:4      | Noticed a sky beast
  4035 | D:4      | Killed a sky beast
  4036 | D:4      | Reached XP level 7. HP: 40/50 MP: 6/14
  4132 | D:4      | Reached skill level 1 in Conjurations
  4137 | D:4      | Acquired the +3 pair of seven-league boots {Rampage+∞}
  4137 | D:4      | Found the +3 pair of seven-league boots {Rampage+∞}
  4216 | D:4      | Found a transporter.
  4276 | D:4      | Found a transporter.
  4315 | D:4      | Reached skill level 1 in Poison Magic
  4351 | D:4      | Learned a level 3 spell: Ignite Poison
  4489 | D:4      | Found a one-way gate to the infinite horrors of the Abyss.
  4489 | D:4      | Noticed DiggyJ's ghost (amateur TrBe)
  4637 | D:5      | Entered Level 5 of the Dungeon
  4672 | D:5      | Noticed Duvessa
  4679 | D:5      | Noticed Dowan
  4921 | D:5      | Reached skill level 5 in Ice Magic
  5043 | D:5      | Killed Dowan
  5065 | D:5      | Reached skill level 1 in Transmutations
  5086 | D:5      | Reached skill level 5 in Spellcasting
  5231 | D:5      | Reached XP level 8. HP: 58/58 MP: 14/16
  5310 | D:5      | Reached * piety under Ashenzari
  5514 | D:5      | Killed Duvessa
  5584 | D:5      | Learned a level 5 spell: Freezing Cloud
  6159 | D:6      | Identified the +0 ring mail of the Cobbler {rN+}
  6181 | D:6      | Noticed Eustachio
  6190 | D:6      | Reached XP level 9. HP: 48/67 MP: 6/19
  6193 | D:6      | Killed Eustachio
  6600 | D:6      | Reached ** piety under Ashenzari
  6854 | D:6      | Found a hide-covered altar of Uskayaw.
  6854 | D:6      | Found an iron altar of Okawaru.
  6883 | D:6      | Identified the +3 whip of Starshine {freeze, rElec rC+
                  | Int-2}
  6932 | D:7      | Reached skill level 6 in Spellcasting
  7010 | D:6      | HP: 2/69 [orc warrior/+0 short sword (4)]
  7343 | D:7      | Found a staircase to the Ecumenical Temple.
  7715 | D:7      | Noticed a green ugly thing
  7800 | D:6      | Killed a green ugly thing
  8347 | D:7      | Reached XP level 10. HP: 52/77 MP: 17/22
  8726 | D:7      | Reached skill level 1 in Ranged Weapons
  8727 | D:7      | Noticed a two-headed ogre
  8969 | D:1      | Bought Ozocubu's Autobiography for 312 gold pieces
  8973 | D:1      | Learned a level 3 spell: Ozocubu's Armour
  9398 | D:7      | Reached skill level 7 in Spellcasting
  9485 | D:7      | Killed a two-headed ogre
  9486 | D:7      | Reached skill level 5 in Fighting
  9496 | D:7      | Reached skill level 1 in Evocations
 10289 | D:8      | Reached *** piety under Ashenzari
 10906 | D:9      | Found a radiant altar of Vehumet.
 11051 | D:9      | Found a flagged portal.
 11148 | D:9      | Reached **** piety under Ashenzari
 11180 | D:9      | Learned a level 7 spell: Ozocubu's Refrigeration
 11322 | D:9      | Reached XP level 11. HP: 62/87 MP: 15/25
 11656 | D:9      | Found a staircase to the Lair.
 11671 | D:9      | Reached ***** piety under Ashenzari
 11843 | D:10     | Entered Level 10 of the Dungeon
 12095 | D:10     | Identified the +1 trident "Lyt Oju" {freeze, rC+}
 12101 | D:10     | Identified the +5 trident "Dawad" {flame, Dex+6}
 12279 | D:10     | Learned a level 5 spell: Summon Forest
 13576 | D:11     | Noticed a wizard
 13578 | D:11     | Noticed an orc sorcerer
 13578 | D:11     | Identified the Meditations on Repulsive Transposition
 13583 | D:11     | Killed a wizard
 13585 | D:11     | Killed an orc sorcerer
 13586 | D:11     | Reached skill level 1 in Summonings
 13629 | D:11     | Learned a level 4 spell: Animate Armour
 13685 | D:11     | Reached skill level 8 in Spellcasting
 13712 | D:11     | Found a staircase to the Orcish Mines.
 14097 | Lair:1   | Entered Level 1 of the Lair of Beasts
 14098 | Lair:1   | Upgraded the game from 0.30-a0-800-g7c544603b3 to
                  | 0.30-a0-808-g6e0788376e
 14132 | Lair:1   | Reached skill level 1 in Earth Magic
 14270 | Lair:1   | Reached skill level 5 in Air Magic
 14354 | Lair:1   | Reached skill level 1 in Dodging
 14565 | Lair:1   | Noticed a death yak
 14565 | Lair:1   | Noticed a death yak
 14567 | Lair:1   | Noticed a death yak
 14567 | Lair:1   | Noticed a death yak
 14579 | Lair:1   | Killed a death yak
 14580 | Lair:1   | Killed a death yak
 14584 | Lair:1   | Killed a death yak
 14628 | Lair:1   | Killed a death yak
 14629 | Lair:1   | Reached XP level 12. HP: 77/97 MP: 15/27
 15152 | Lair:2   | Reached skill level 5 in Conjurations
 15686 | Lair:2   | Noticed a ghost crab
 15699 | Lair:2   | Killed a ghost crab
 15846 | Lair:2   | Found a staircase to the Swamp.
 15920 | Lair:2   | Reached skill level 5 in Translocations
 16116 | Lair:3   | Noticed Snorg
 16131 | Lair:3   | Killed Snorg
 16279 | Lair:3   | Found a staircase to the Snake Pit.
 16375 | Lair:3   | Reached skill level 9 in Spellcasting
 16392 | Lair:3   | Noticed a four-headed hydra
 16423 | Lair:3   | Killed a four-headed hydra
 16558 | Lair:3   | Found a frozen archway.
 16568 | Lair:3   | Reached skill level 5 in Fire Magic
 16581 | Lair:3   | Noticed a four-headed hydra
 16599 | Lair:3   | Killed a four-headed hydra
 16885 | Lair:3   | Acquired the +11 lajatang "Tit Boxt" {flame, *Rage rN++
                  | Str+5}
 17398 | Lair:4   | Learned a level 7 spell: Ozocubu's Refrigeration
 17573 | Lair:4   | Gained mutation: You are strongly in touch with the powers
                  | of death. [Mummy growth]
 17573 | Lair:4   | Reached XP level 13. HP: 101/101 MP: 25/29
 17630 | Lair:4   | Reached skill level 1 in Staves
 17851 | Lair:4   | Reached skill level 1 in Necromancy
 18395 | Lair:5   | Entered Level 5 of the Lair of Beasts
 18424 | Lair:5   | Reached skill level 5 in Hexes
 18923 | Lair:5   | Found a blossoming altar of Fedhas.
 19054 | Lair:5   | Noticed a dire elephant
 19054 | Lair:5   | Noticed a dire elephant
 19055 | Lair:5   | Noticed a dire elephant
 19089 | Lair:5   | Killed a dire elephant
 19090 | Lair:5   | Reached skill level 10 in Spellcasting
 19219 | Lair:5   | Reached skill level 5 in Ranged Weapons
 19386 | Lair:5   | Found a staircase to the Slime Pits.
 19429 | Lair:5   | Identified the +1 scale mail of Riuraiz {Will+++ Int-5
                  | Slay-2 SInv}
 19806 | Lair:5   | Reached XP level 14. HP: 111/111 MP: 22/31
 21374 | D:12     | Upgraded the game from 0.30-a0-808-g6e0788376e to
                  | 0.30-a0-859-gf88a04b62d
 22710 | D:12     | Found a portal to a secret trove of treasure.
 22726 | D:12     | Learned a level 6 spell: Eringya's Noxious Bog
 23119 | D:13     | Noticed Jorgrun
 23152 | D:13     | Killed Jorgrun
 23154 | D:13     | HP: 2/111 [cloud of freezing vapour (5)]
 23155 | D:13     | Demolished by a boulder beetle

Illustrated notes

Levels and vault maps discovered:
D:1:      sevenhm_arrival_forest_fort_small_3, layout_basic, serial_shops, shop,
          nicolae_shop_trees, shop, shop, corner_web_ring,
          chequers_serial_rivers_micro_b, serial_bayou_pond_e
D:2:      layout_basic, chequers_ecumenical_altar_simple, minmay_joined_circles,
          uniq_jessica
D:3:      cheibrodos_helix_gallery, layout_loops_ring,
          grunt_temple_overflow_open
D:4:      layout_loops_ring, gammafunk_ghost_abyssal_escape,
          guppyfry_early_lair_pool
D:5:      dreamdust_elfheim, layout_basic, dreamdust_gnoll_farm, uniq_duvessa
D:6:      layout_rooms, gammafunk_temple_overflow_claw, uniq_eustachio
D:7:      minmay_the_grid_four_pointed_star
          [minmay_the_grid_triangle_9x9_intruding_spiral,
          minmay_the_grid_triangle_9x9_flanged_cone,
          minmay_the_grid_triangle_9x9_wacky_v,
          minmay_the_grid_triangle_9x9_skeleton,
          minmay_the_grid_prize_four_corners], layout_loops_ring,
          minmay_temple_entry_stoned_glass
D:8:      layout_basic, columned_hall_lemuel
D:9:      layout_basic, nicolae_vehumet_radiance, lair_entry_dummy,
          enter_bailey_3, serial_bayou_pond_e, hangedman_decor_lopped
D:10:     layout_basic, serial_glass, glass_columns_a, glass_columns_c
D:11:     cheibrodos_wizards_tower, layout_loops_ring
D:12:     layout_rooms, serial_co_window_serial, co_window_paths_a,
          co_window_paths_a, co_window_cross_1, co_window_of_opportunity_a,
          co_window_paths_a, co_window_corner_a, co_window_of_opportunity_a,
          co_window_corner_a, co_window_of_opportunity_a,
          co_window_unsneaky_path_c, co_window_2corner, co_window_corner_ca,
          co_window_cross_4, co_window_corner_b, co_window_unsneaky_path_d,
          co_window_unsneaky_path_c, glass_columns_b, glass_columns_a,
          glass_columns_a, glass_columns_b, nicolae_trove_entry_columns
D:13:     layout_loops_corners, gauntlet_entry_generic, serial_rivers,
          chequers_serial_rivers_room_b, chequers_serial_rivers_micro_e,
          chequers_serial_rivers_micro_b, chequers_serial_rivers_small_a,
          uniq_jorgrun
Lair:1:   layout_layer_cave, serial_bayou_pond_e, infiniplex_staircase_pool_2,
          grunt_megastairs_3
Lair:2:   layout_concentric_octagons, nicolae_swamp_entry_spooky,
          infiniplex_staircase_pool
Lair:3:   layout_concentric_octagons, minmay_snake_entry_guardpost_small,
          portal_ice_cave_rime, chequers_serial_rivers_micro_c, uniq_snorg
Lair:4:   layout_long_grid, grunt_megastairs_4, lemuel_fruit_fields
Lair:5:   due_jungle_book, layout_gridlike, minmay_slime_entry_eyes,
          basic_altar, serial_bayou_ford_a

Skill      XL: |  1  2  3  4  5  6  7  8  9 10 11 12 13 14 |
---------------+-------------------------------------------+-----
Spellcasting   | 3 4 5 6 7 8 9 10 | 10.6
Fighting       | 1 2 3 4 5 6 7 |  7.3
Hexes          | 1 2 3 4 5 |  5.5
Air Magic      | 1 2 3 4 5 6 |  6.2
Translocations | 1 2 3 4 5 |  5.7
Fire Magic     | 1 2 3 4 5 |  5.7
Polearms       | 1 |  1.8
Conjurations   | 1 2 3 4 5 6 |  6.2
Poison Magic   | 1 2 3 4 |  4.8
Ice Magic      | 5 6 7 8 |  8.4
Transmutations | 1 2 3 4 |  4.3
Ranged Weapons | 2 3 4 5 |  5.4
Evocations     | 1 2 |  2.2
Summonings     | 1 2 3 |  3.7
Earth Magic    | 1 2 3 |  3.4
Stealth        | 2 3 |  3.0
Dodging        | 1 2 3 |  3.1
Staves         | 2 3 |  3.4
Necromancy     | 1 |  1.1
Armour         | |  0.2
Shields        | |  1.5

Action                     |  1- 3 |  4- 6 |  7- 9 | 10-12 | 13-15 || total
---------------------------+-------+-------+-------+-------+-------++-------
  Melee: Club              |     1 |       |       |       |       ||     1
         Short sword       |     1 |       |       |       |       ||     1
         Dagger            |    19 |    42 |    50 |    18 |       ||   129
         Spear             |       |    25 |    11 |       |       ||    36
         Punch             |       |       |       |     1 |       ||     1
         Lajatang          |       |       |       |       |   101 ||   101
   Fire: Shortbow          |       |       |    11 |   205 |       ||   216
   Cast: Freeze            |    59 |    33 |    41 |    19 |       ||   152
         Ensorcelled Hiber |     1 |     6 |    15 |     5 |       ||    27
         Frozen Ramparts   |       |    18 |    21 |    11 |     1 ||    51
         Mephitic Cloud    |       |     1 |    28 |    62 |    54 ||   145
         Kindle Blastspark |       |       |    71 |    55 |    18 ||   144
         Ignite Poison     |       |       |     7 |    37 |    33 ||    77
         Freezing Cloud    |       |       |       |   125 |   125 ||   250
         Ozocubu's Armour  |       |       |       |     5 |     4 ||     9
         Animate Armour    |       |       |       |     6 |       ||     6
         Summon Forest     |       |       |       |     1 |     2 ||     3
 Invoke: Curse Item        |       |       |     3 |     5 |     1 ||     9
         Shatter the Chain |       |       |       |     1 |     1 ||     2
  Evoke: Wand              |       |       |     8 |     1 |     3 ||    12
    Use: Scroll            |     8 |     6 |    14 |     7 |    10 ||    45
   Stab: Sleeping          |     1 |     1 |     2 |       |       ||     4
         Confused          |       |     1 |     3 |     1 |     1 ||     6
 Armour: Leather armour    |    12 |    16 |       |       |       ||    28
         Robe              |       |     3 |    39 |    52 |    38 ||   132
  Dodge: Dodged            |    26 |    24 |    60 |    81 |    56 ||   247
  Block: Buckler           |    12 |     6 |    17 |       |       ||    35

Table legend: (Time is in decaauts)
 A = Elapsed time spent in this place.
 B = Non-inter-level travel time spent in this place.
 C = Inter-level travel time spent in this place.
 D = Time resting spent in this place.
 E = Time spent auto-exploring this place.
 F = Levels seen in this place.
 G = Mean time per level.
                   A        B        C        D        E       F      G
               +--------+--------+--------+--------+--------+-----+--------+
         Total |  23277 |  21437 |   1840 |   2443 |  14510 |  18 | 1293.2 |
       Dungeon |  16004 |  14348 |   1656 |   1291 |  10053 |  13 | 1231.1 |
          Lair |   7273 |   7089 |    184 |   1152 |   4457 |   5 | 1454.6 |
               +--------+--------+--------+--------+--------+-----+--------+

Top non-repeatable levels by time:
  Lair:5: 2434 daAuts
     D:7: 2110 daAuts
     D:2: 1617 daAuts
  Lair:4: 1569 daAuts
     D:6: 1566 daAuts
    D:12: 1421 daAuts
     D:1: 1405 daAuts
    D:10: 1389 daAuts
     D:5: 1290 daAuts
  Lair:3: 1232 daAuts
     D:3: 1182 daAuts
  Lair:1: 1107 daAuts
     D:9: 1062 daAuts
     D:8: 1058 daAuts
    D:11: 946 daAuts
